 Dungeon Crawl Stone Soup version 0.14-a0-586-g2535b90 (webtiles) character file.

124 Malachi the Ruinous (level 4, 0/36 HPs)
             Began as a Naga Conjurer on Nov 3, 2013.
             Slain by an iguana skeleton (8 damage)
             ... on Level 4 of the Dungeon.
             The game lasted 00:06:38 (3149 turns).

Malachi the Ruinous (Naga Conjurer)                 Turns: 3149, Time: 00:06:38

HP   0/36        AC  9     Str 10      XL: 4   Next: 72%
MP   1/7         EV  8     Int 17      God:
Gold 25          SH  0     Dex 11      Spells:  2 memorised,  3 levels left

Res.Fire  : . . .   See Invis. : +   h - +2,+0 short sword
Res.Cold  : . . .   Warding    : .   a - +0 robe
Life Prot.: . . .   Conserve   : .   (no shield)
Res.Poison: +       Res.Corr.  : .   (no helmet)
Res.Elec. : .       Clarity    : .   (no cloak)
Sust.Abil.: . .     Spirit.Shd : .   o - +0 pair of gloves
Res.Mut.  : .       Stasis     : .   i - +0 naga barding
Res.Rott. : .       Flight     : .   (no amulet)
Saprovore : . . .                    (no ring)
                                     v - +2 ring of protection

@: very slightly contaminated, very slow, slightly resistant to hostile
enchantments, stealthy
A: spit poison, see invisible, deformed body, poison resistance, slowness 2, AC
+1
a: Spit Poison


You were on level 4 of the Dungeon.
You were hungry.

You visited 1 branch of the dungeon, and saw 4 of its levels.

You collected 25 gold pieces.

Inventory:

Hand weapons
 h - a +2,+0 short sword (weapon)
 m - a +0,+0 short sword
Armour
 a - a +0 robe (worn)
 i - a +0 naga barding (worn)
 o - a +0 pair of gloves (worn)
Comestibles
 b - 2 bread rations
 r - a sausage
 w - 2 chunks of goblin flesh
 A - a rotting chunk of adder flesh
Scrolls
 d - a scroll of enchant weapon II {unknown}
 e - a scroll of enchant armour {unknown}
 k - 4 scrolls of teleportation {unknown}
 l - a scroll of recharging {unknown}
 n - 2 scrolls of remove curse {unknown}
 p - a scroll of noise {unknown}
 t - a scroll of identify {unknown}
 u - a scroll of curse weapon {unknown}
Jewellery
 v - a +2 ring of protection (left hand)
Potions
 g - a potion of magic {unknown}
 q - a potion of slowing {unknown}
 s - a potion of resistance {unknown}
Books
 c - a book of Conjurations

   Spells                             Type                      Level
   *Magic Dart                        Conjuration                  1
   *Searing Ray                       Conjuration                  2
   Dazzling Spray                     Conjuration/Hexes            3
   Iskenderun's Mystic Blast          Conjuration                  4
   Iskenderun's Battlesphere          Conjuration/Charms           4
   Fulminant Prism                    Conjuration/Hexes            5


   Skills:
 + Level 0.2 Fighting
 + Level 0.6 Short Blades
 - Level 1.5 Dodging
 + Level 3.4 Stealth
 + Level 1.7 Spellcasting
 * Level 5.4 Conjurations


You had 3 spell levels left.
You knew the following spells:

 Your Spells              Type           Power        Failure   Level  Hunger
a - Magic Dart            Conj           ###.         2%          1    #......
b - Searing Ray           Conj           ###...       3%          2    ###....


Dungeon Overview and Level Annotations

Branches:
Dungeon (4/27)
 Temple: D:4-7

Altars:

Annotations:
D:3 Purgy, Sigmund, Terence


Innate Abilities, Weirdness & Mutations

You cannot wear boots.
You can spit poison.
Your serpentine skin is tough (AC +1).
You have supernaturally acute eyesight.
Armour fits poorly on your strangely shaped body.
Your system is resistant to poisons.
You cover ground very slowly.


Message History

Aim: an iguana skeleton The searing ray hits the iguana skeleton.
You are feeling hungry.
The iguana skeleton closely misses you. The hobgoblin barely misses you.
The searing ray hits the iguana skeleton.
The iguana skeleton barely misses you.
The hobgoblin hits you but does no damage.
Without enough magic to sustain it, your searing ray dissipates.
The hobgoblin closely misses you.
Casting: Searing Ray
Confirm with . or Enter, or press ? or * to list all spells.
You don't have enough magic to cast that spell.
Unknown command.
Use which ability? (? or * to list)
You fail to use your ability.
The iguana skeleton bites you but does no damage.
The hobgoblin barely misses you.
Unknown command.
You hit the iguana skeleton. The iguana skeleton bites you!
You die...

#.. ...#..
)...#.#
.....#<#
......#.##
.......###
....... #
#.gz# #. #.@.#
#.##...#
#......#
###....##
##≈.≈≈##
..####♣≈.≈P≈#
(....≈≈≈.≈≈≈♣#
..##≈≈≈≈.≈≈≈≈#
#≈≈≈≈.P≈≈≈#


You could see a hobgoblin and an iguana skeleton.

Vanquished Creatures
  3 adders (D:2)
  A worm (D:2)
  An ooze (D:1)
  2 giant cockroaches
  7 hobgoblins
  8 kobolds
  8 bats
  7 giant newts
  11 goblins
  8 jackals
  2 quokkas
  4 rats
62 creatures vanquished.

Notes
Turn   | Place    | Note
--------------------------------------------------------------
     0 | D:1      | Malachi, the Naga Conjurer, began the quest for the Orb.
     0 | D:1      | Reached XP level 1. HP: 15/15 MP: 3/3
   281 | D:1      | Reached XP level 2. HP: 22/22 MP: 1/4
  1195 | D:1      | Reached XP level 3. HP: 22/28 MP: 2/5
  1610 | D:1      | Reached skill level 5 in Conjurations
  2401 | D:2      | Reached XP level 4. HP: 36/36 MP: 7/7
  2683 | D:2      | Learned a level 2 spell: Searing Ray
  2896 | D:3      | Noticed Terence
  2896 | D:3      | Noticed Purgy
  2987 | D:3      | Noticed Sigmund
  3149 | D:4      | Slain by an iguana skeleton

Action                   |  1- 3 |  4- 6 || total
-------------------------+-------+-------++-------
Melee: Dagger            |    36 |       ||    36
       Short sword       |    89 |    56 ||   145
 Cast: Magic Dart        |    63 |    18 ||    81
       Searing Ray       |       |     2 ||     2
 Abil: Spit Poison       |     3 |       ||     3
  Use: Potion            |       |     2 ||     2
 Stab: Sleeping          |     7 |     2 ||     9
